 Dungeon Crawl Stone Soup version 0.27.1-2-g3b301248ec (webtiles) character file.

Game seed: 12853338828689106885

170 szrap the Chopper (level 5, -4/46 HPs)
             Began as a Hill Orc Fighter on Sept 23, 2021.
             Blown up by a hobgoblin (20 damage)
             ... with a mindburst bolt
             ... on level 4 of the Dungeon.
             The game lasted 00:04:26 (3650 turns).

szrap the Chopper (Hill Orc Fighter)                Turns: 3650, Time: 00:04:27

Health: -4/46      AC:  7    Str: 20    XL:     5   Next: 50%
Magic:  5/5        EV:  7    Int:  8    God:
Gold:   86         SH: 11    Dex: 10    Spells: 4/4 levels left

rFire    . . .     SeeInvis .   a - +0 war axe
rCold    . . .     Faith    .   c - +2 kite shield
rNeg     . . .     Spirit   .   b - +0 scale mail
rPois    .         Reflect  .   (no helmet)
rElec    .         Harm     .   (no cloak)
rCorr    .         Rampage  .   (no gloves)
Will     .....                  (no boots)
Stlth    ..........             (no amulet)
HPRegen  0.15/turn              (no ring)
MPRegen  0.09/turn              (no ring)

@: no status effects
A: no striking features
a: no special abilities


You were on level 4 of the Dungeon.
You visited 1 branch of the dungeon, and saw 4 of its levels.

You collected 86 gold pieces.

Inventory:

Hand Weapons
 a - a +0 war axe (weapon)
 g - a +2 hand axe of venom
Armour
 b - a +0 scale mail (worn)
 c - a +2 kite shield (worn)
Scrolls
 d - a scroll of identify
Potions
 e - a potion of curing {unknown}
 f - a potion of brilliance {unknown}
 h - a potion of attraction
 i - 2 potions of degeneration {unknown}
 j - a potion of haste {unknown}
 k - a potion of flight {unknown}


   Skills:
 + Level 4.1 Fighting
 * Level 5.2 Axes
 + Level 4.1 Armour
 * Level 1.3 Dodging
 + Level 3.8 Shields


You had 4 spell levels left.
You didn't know any spells.
Your spell library was empty.

Dungeon Overview and Level Annotations

Branches:
Dungeon (4/15)
 Temple: D:4-7

Altars:
Dithmenos


Message History

No target in view!
Found a lead wand.
An orc comes into view. It is wielding a +0 mace.
The orc shouts!
You see here 12 gold pieces.
You now have 86 gold pieces (gained 12).
The orc hits you but does no damage.
Your scale mail prevents you from hitting the orc.
The orc hits you but does no damage.
You slash the orc!
You kill the orc!
A worm comes into view.
You slash the worm!
The worm is severely wounded.
You block the worm's attack.
You slash the worm!
You kill the worm!
Things that are here:
a +0 mace; a +0 ring mail A dart slug comes into view.
The dart slug launches a dart at you. The slug dart hits you.
A hobgoblin comes into view.
It is carrying a wand of mindburst (15).
You start resting.
A hobgoblin is nearby!
The hobgoblin shouts!
The hobgoblin zaps a wand.
Your mind is blasted!
Ouch! That really hurt!
You start resting.
A hobgoblin is nearby!
You block the hobgoblin's attack. You block the dart slug's attack.
Things that are here:
a +0 mace; a +0 ring mail You hit the hobgoblin but do no damage.
You slash the dart slug!
The hobgoblin zaps a wand.
You barely resist. The dart slug bites you.
You hit the hobgoblin but do no damage. You slash the dart slug!
You kill the dart slug!
You block the hobgoblin's attack.
The hobgoblin zaps a wand.
Your mind is blasted!
You die...

#....# .
#......#####'#
.....#
#..........g./
.....#
#.............
+............w
#.............
#.............
#......##+#...
#.....g# ###
#.....@#
+......#
#......#
#......#
#....†.#
.........#
.........'
.........#.
#........#..


You could see a hobgoblin.

Vanquished Creatures
  A centaur (D:3)
  2 adders
  4 worms
  4 dart slugs
  2 orcs
  5 bats
  3 endoplasms
  2 giant cockroaches
  5 goblins
  6 hobgoblins
  2 jackals (D:1)
  2 quokkas
  7 ball pythons
  2 frilled lizards
  5 kobolds
  4 rats
56 creatures vanquished.

Vanquished Creatures (others)
  7 plants (D:1)
7 creatures vanquished.

Grand Total: 63 creatures vanquished

Notes
Turn   | Place    | Note
-------+----------+-------------------------------------------
     0 | D:1      | szrap the Hill Orc Fighter began the quest for the Orb.
     0 | D:1      | Reached XP level 1. HP: 19/19 MP: 1/1
   193 | D:1      | Reached XP level 2. HP: 27/27 MP: 2/2
   198 | D:1      | Reached skill level 3 in Axes
   244 | D:1      | Found a faded altar of an unknown god.
   420 | D:1      | You fall into a shaft and drop 1 floor!
   583 | D:2      | Reached XP level 3. HP: 2/33 MP: 3/3
  1609 | D:2      | Reached skill level 4 in Axes
  1693 | D:2      | Reached skill level 1 in Dodging
  2058 | D:2      | Found a shadowy altar of Dithmenos.
  2063 | D:2      | Reached XP level 4. HP: 40/40 MP: 4/4
  3076 | D:3      | Noticed a centaur
  3089 | D:3      | Killed a centaur
  3090 | D:3      | Reached skill level 5 in Axes
  3090 | D:3      | Reached XP level 5. HP: 28/46 MP: 5/5
  3650 | D:4      | Blown up by a hobgoblin

Illustrated notes

Levels and vault maps discovered:
D:1:      eino_arrival_water_cross, layout_rooms,
          shapermc_ecumenical_altar_totnotflames, amethyst_killhole
D:2:      layout_loops_corners, basic_altar
D:3:      layout_basic
D:4:      layout_gridville, minmay_bisected

Skill      XL: |  1  2  3  4 |
---------------+-------------+-----
Axes           | 3 4 5 |  5.2
Dodging        | 1 |  1.3
Fighting       | 4 |  4.1
Armour         | 4 |  4.1
Shields        | |  3.8

Action                   |  1- 3 |  4- 6 || total
-------------------------+-------+-------++-------
Melee: War axe           |   110 |    64 ||   174
  Use: Scroll            |     4 |     3 ||     7
       Potion            |       |     1 ||     1
Armor: Scale mail        |    51 |    33 ||    84
Dodge: Dodged            |    31 |    17 ||    48
Block: Kite shield       |    64 |    45 ||   109
